 Dungeon Crawl Stone Soup version 0.19-a0-823-gd955774 (webtiles) character file.

1990 Implojin the Cleaver (level 9, -8/80 HPs)
             Began as a Minotaur Fighter on June 30, 2016.
             Was a Priest of Okawaru.
             Mangled by an orc knight
             ... wielding a +0 battleaxe
              (25 damage)
             ... on level 1 of the Orcish Mines.
             The game lasted 00:07:41 (1705 turns).

Implojin the Cleaver (Minotaur Fighter)             Turns: 1705, Time: 00:07:42

Health: -8/80      AC:  9    Str: 22    XL:     9   Next: 1%
Magic:  6/8        EV: 11    Int:  5    God:    Okawaru [***...]
Gold:   103        SH: 11    Dex: 12    Spells: 0 memorised, 8 levels left

rFire  . . .     SeeInvis .     a - +0 war axe
rCold  . . .     Gourm    .     b - +0 scale mail
rNeg   . . .     Faith    .     c - +0 shield
rPois  .         Spirit   .     (helmet restricted)
rElec  .         Dismiss  .     (no cloak)
rCorr  .         Reflect  .     (no gloves)
SustAt .         Harm     .     r - +0 pair of boots
MR     .....                    (no amulet)
Stlth  +.........               (no ring)
                                (no ring)

@: heroism, not resistant to hostile enchantments, very unstealthy
A: retaliatory headbutt, horns 2
a: Heroism, Renounce Religion


You were on level 1 of the Orcish Mines.
You worshipped Okawaru.
Okawaru was most pleased with you.
You were not hungry.

You visited 3 branches of the dungeon, and saw 11 of its levels.

You collected 103 gold pieces.

Inventory:

Hand Weapons
 a - a +0 war axe (weapon)
Missiles
 v - a throwing net (quivered)
Armour
 b - a +0 scale mail (worn)
 c - a +0 shield (worn)
 j - a +0 ring mail
 r - a +0 pair of boots (worn)
Magical Staves
 p - an uncursed staff of death {unknown}
Jewellery
 t - an uncursed ring of resist corrosion {unknown}
 u - a +3 ring of dexterity {unknown}
Scrolls
 e - a scroll of blinking {unknown}
 h - 2 scrolls of remove curse
 i - a scroll of identify {unknown}
 o - a scroll of enchant weapon {unknown}
 s - a scroll of amnesia {unknown}
 w - 2 scrolls of teleportation {unknown}
 x - a scroll of magic mapping {unknown}
 y - a scroll of brand weapon {unknown}
Potions
 k - 3 potions of curing {unknown}
 l - a potion of agility {unknown}
 m - 2 potions of heal wounds {unknown}
 n - a potion of beneficial mutation {unknown}
Comestibles
 d - a slice of pizza
 f - 3 bread rations
 g - a fruit
 q - 2 meat rations


   Skills:
 * Level 7.7(12.7) Fighting
 - Level 12.2(17.2) Axes
 - Level 3.6(8.6) Armour
 - Level 3.6(8.6) Shields


You had 8 spell levels left.
You didn't know any spells.

Dungeon Overview and Level Annotations

Branches:
Dungeon (9/15)             Temple (1/1) D:7             Orc (1/2) D:9
   Lair: D:8-11

Altars:
Ashenzari
Fedhas
Gozag
Hepliaklqana
Okawaru
Pakellas
Ru
Sif Muna
Xom
Yredelemnul

Shops:
D:9 =


Innate Abilities, Weirdness & Mutations

You reflexively headbutt those who attack you in melee.
You have a pair of horns on your head.


Message History

Unknown command.
You slash the orc!
You kill the orc!
Okawaru accepts your kill.
You hit the orc.
The orc is severely wounded.
The orc hits you but does no damage.
Unknown command.
You barely miss the orc.
The orc is severely wounded.
You hit the orc warrior.
The orc warrior is moderately wounded.
The orc wizard mumbles some strange words.
The orc wizard blinks!
The orc warrior hits you with a hand axe of freezing!
* * * LOW HITPOINT WARNING * * *
The orc warrior freezes you.
* * * LOW HITPOINT WARNING * * *
You barely miss the orc. You headbutt the orc.
You kill the orc!
Okawaru accepts your kill.
You closely miss the orc knight. You closely miss the orc warrior.
The orc warrior is moderately wounded.
The orc knight hits you with a battleaxe.
* * * LOW HITPOINT WARNING * * *
You block the orc warrior's attack.
You slash the orc knight!
The orc knight is lightly wounded.
You closely miss the orc warrior. You slash the orc warrior!
The orc warrior is heavily wounded.
You block the orc warrior's attack.
Unknown command.
You closely miss the orc knight.
The orc knight is lightly wounded.
You hit the orc warrior.
The orc warrior is severely wounded.
You closely miss the orc warrior. The orc warrior barely misses you.
You furiously retaliate!
You headbutt the orc warrior.
The orc knight hits you with a battleaxe!!
You die...

..........
....$......### #
.......#...#.#.#
....#...........
........o.......
................
........o)ยง.....
........@o......
.......<.o......
..........>.....
..............#.
........#.......
.........#.#.#..
......... ...# .
......... ....
.......... ..#


You could see an orc knight, 2 orc warriors and an orc wizard.

Vanquished Creatures
  Pikel (D:9)
  An orc sorcerer (Orc:1)
  A two-headed ogre (D:9)
  2 hungry ghosts (D:9)
  A sky beast (D:6)
  2 phantoms
  2 slaves (D:9)
  An ogre (D:9)
  A scorpion (D:8)
  A troll zombie (D:9)
  A hound (D:8)
  A jelly (D:9)
  An orc wizard (D:3)
  2 worker ants
  2 ogre zombies (D:9)
  A hound skeleton (D:9)
  3 gnolls (D:6)
  3 adders (D:3)
  A howler monkey skeleton (D:4)
  2 dart slugs
  3 giant geckos
  5 orcs
  A bat (D:1)
  A giant cockroach (D:4)
  7 goblins
  3 hobgoblins
  2 jackals (D:7)
  A quokka (D:4)
  4 giant newts
  A goblin skeleton (D:9)
  A goblin zombie (D:9)
  A hobgoblin skeleton (D:9)
  4 hobgoblin zombies (D:9)
  A jackal skeleton (D:4)
  A kobold (D:1)
  An orc skeleton (D:9)
  4 orc zombies (D:9)
  2 rats (D:1)
73 creatures vanquished.

Vanquished Creatures (others)
  2 slaves (D:9)
  A centaur zombie (D:9)
3 creatures vanquished.

Grand Total: 76 creatures vanquished

Notes
Turn   | Place    | Note
--------------------------------------------------------------
     0 | D:1      | Implojin the Minotaur Fighter began the quest for the Orb.
     0 | D:1      | Reached XP level 1. HP: 19/19 MP: 0/0
    24 | D:1      | Reached skill level 3 in Axes
    87 | D:1      | Reached XP level 2. HP: 24/26 MP: 1/1
   120 | D:2      | Found an oddly glowing altar of Pakellas.
   129 | D:2      | Reached skill level 4 in Axes
   164 | D:3      | Reached XP level 3. HP: 24/31 MP: 2/2
   195 | D:3      | Reached skill level 5 in Axes
   281 | D:3      | Reached XP level 4. HP: 25/39 MP: 3/3
   649 | D:4      | Found a deep blue altar of Sif Muna.
   713 | D:5      | Entered Level 5 of the Dungeon
   878 | D:4      | Reached skill level 6 in Axes
   928 | D:5      | Reached XP level 5. HP: 40/45 MP: 4/4
   956 | D:4      | You fall through a shaft for 2 floors!
   962 | D:6      | Noticed a phantom
   986 | D:6      | Killed a phantom
   986 | D:6      | Reached skill level 7 in Axes
   986 | D:6      | Reached XP level 6. HP: 7/51 MP: 5/5
  1000 | D:6      | Noticed a sky beast
  1031 | D:6      | Killed a sky beast
  1031 | D:6      | Reached skill level 8 in Axes
  1303 | D:7      | Found a staircase to the Ecumenical Temple.
  1322 | Temple   | Entered the Ecumenical Temple
  1389 | Temple   | Became a worshipper of Warmaster Okawaru
  1419 | D:8      | Found a hazy altar of Hepliaklqana.
  1450 | D:9      | Found Ifucryge's Jewellery Boutique.
  1469 | D:9      | Noticed a slave
  1470 | D:9      | Noticed Pikel
  1470 | D:9      | Noticed a slave
  1470 | D:9      | Noticed a slave
  1470 | D:9      | Noticed a slave
  1472 | D:9      | Noticed a two-headed ogre
  1477 | D:9      | Killed a slave
  1483 | D:9      | Killed Pikel
  1483 | D:9      | Reached * piety under Okawaru
  1483 | D:9      | Reached skill level 10 in Axes
  1483 | D:9      | Reached XP level 7. HP: 46/57 MP: 6/6
  1488 | D:9      | Killed a two-headed ogre
  1488 | D:9      | Reached skill level 11 in Axes
  1488 | D:9      | Reached XP level 8. HP: 51/64 MP: 7/7
  1498 | D:9      | Reached ** piety under Okawaru
  1623 | D:9      | Reached skill level 12 in Axes
  1638 | D:9      | Reached skill level 4 in Fighting
  1653 | D:9      | Reached skill level 5 in Fighting
  1664 | D:9      | Found a staircase to the Orcish Mines.
  1694 | Orc:1    | Entered Level 1 of the Orcish Mines
  1694 | Orc:1    | Noticed an orc knight
  1694 | Orc:1    | Noticed an orc sorcerer
  1700 | Orc:1    | Killed an orc sorcerer
  1700 | Orc:1    | Reached *** piety under Okawaru
  1700 | Orc:1    | Reached skill level 7 in Fighting
  1700 | Orc:1    | Reached XP level 9. HP: 30/80 MP: 5/8
  1705 | Orc:1    | Mangled by an orc knight

Vault maps used:
D:1:      minmay_arrival_checkered_box, minmay_misc_feat_secret_circle,
          st_stairs_5
D:2:      lemuel_crystal_altar, first_bread, grunt_pakellas_basics, uniq_natasha
D:3:      nicolae_overflow_crystal_walls, minmay_liquid_box, tgw_trog
D:4:      kennysheep_mini
D:6:      uniq_eustachio
D:7:      cheibrodos_worm_habitat, serial_bayou, serial_bayou_pond_b,
          serial_bayou_lagoon_a, serial_bayou_pond_a, serial_bayou_shore_a
D:8:      basic_altar, david_nohive_1, uniq_prince_ribbit1
D:9:      zombieorc1_lemuel, serial_shops, shop, uniq_erolcha, uniq_pikel
Temple:   hc_temple_tempest_star
Orc:1:    basic_altar

Skill      XL: |  1  2  3  4  5  6  7  8 |
---------------+-------------------------+-----
Axes           | 3 4 5 6 7 10 11 12 | 12.2
Fighting       | 7 |  7.7
Armour         | |  3.6
Shields        | |  3.6

Action                   |  1- 3 |  4- 6 |  7- 9 || total
-------------------------+-------+-------+-------++-------
Melee: War axe           |    50 |    92 |    78 ||   220
       Headbutt          |     6 |    20 |    15 ||    41
Invok: Heroism           |       |       |     3 ||     3
  Use: Scroll            |       |     1 |       ||     1
       Potion            |       |     2 |       ||     2
  Eat: Fruit             |       |     1 |     2 ||     3
       Chunk             |       |     1 |     2 ||     3
       Bread ration      |       |       |     1 ||     1
Armor: Scale mail        |    32 |    48 |    26 ||   106
Dodge: Dodged            |    19 |    23 |    18 ||    60
Block: Shield            |    22 |    45 |    31 ||    98

Table legend:
 A = Turns spent in this place as a percentage of turns spent in the entire game.
 B = Non-inter-level travel turns spent in this place as a percentage of non-inter-level travel turns spent in the entire game.
 C = Inter-level travel turns spent in this place as a percentage of turns spent in this place.
 D = Turns resting spent in this place as a percentage of non-inter-level travel turns spent in this place.
 E = Turns spent auto-exploring this place as a percentage of non-inter-level travel turns spent in this place.
 F = Non-inter-level travel turns spent in this place divided by the number of levels of this place that you've seen.
                   A       B       C       D       E      F
               +-------+-------+-------+-------+-------+----------------------
         Total | 100.0 | 100.0 |   0.0 |   0.6 |   0.0 | 113.0
       Dungeon |  91.5 |  91.5 |   0.0 |   0.6 |   0.0 | 126.3
        Temple |   7.2 |   7.2 |   0.0 |   0.0 |   0.0 |  90.0
  Orcish Mines |   1.3 |   1.3 |   0.0 |   0.0 |   0.0 |  16.0
               +-------+-------+-------+-------+-------+----------------------

Table legend:
 A = Kills in this place as a percentage of kills in entire the game.
 B = Kills by you in this place as a percentage of kills by you in the entire game.
 C = Kills by friends in this place as a percentage of kills by friends in the entire game.
 D = Other kills in this place as a percentage of other kills in the entire game.
 E = Experience gained in this place as a percentage of experience gained in the entire game.
 F = Experience gained in this place divided by the number of levels of this place that you have seen.
                   A       B       C       D       E      F
               +-------+-------+-------+-------+-------+----------------------
         Total | 100.0 | 100.0 |  -nan |  -nan | 100.0 | 258.5
       Dungeon |  95.7 |  95.7 |  -nan |  -nan |  79.5 | 251.2
  Orcish Mines |   4.3 |   4.3 |  -nan |  -nan |  20.5 | 582.0
               +-------+-------+-------+-------+-------+----------------------
